 Dungeon Crawl Stone Soup version 0.29-a0-334-gb41bcbb86e (webtiles) character file.

Game seed: 243760569834583056

40 chopper the Ducker (level 3, -4/36 HPs)
             Began as a Troll Fighter on Apr 14, 2022.
             Slain by an orc
             ... wielding a +0 flail
              (7 damage)
             ... on level 3 of the Dungeon.
             The game lasted 00:10:05 (1770 turns).

chopper the Ducker (Troll Fighter)                  Turns: 1770, Time: 00:10:06

Health: -4/36      AC:  4    Str: 24    XL:     3   Next: 30%
Magic:  2/2        EV:  9    Int:  4    God:
Gold:   145        SH:  7    Dex: 11    Spells: 2/2 levels left

rFire   . . .      SeeInvis .     - Unarmed
rCold   . . .      Faith    .   b - +0 kite shield
rNeg    . . .      Spirit   .   a - +0 robe
rPois   .          Reflect  .   (helmet restricted)
rElec   .          Harm     .   (no cloak)
rCorr   .          Rampage  .   (gloves unavailable)
Will    .....                   (boots unavailable)
Stlth   +.........              (no amulet)
HPRegen 0.92/turn               (no ring)
MPRegen 0.08/turn               (no ring)

@: no status effects
A: large, unfitting armour, claws 3, regeneration 1, shaggy fur 1, tough skin 1
a: no special abilities


You were on level 3 of the Dungeon.
You visited 1 branch of the dungeon, and saw 3 of its levels.

You collected 145 gold pieces.

Inventory:

Hand Weapons
 j - a +1 dagger of draining
Armour
 a - a +0 robe (worn)
 b - a +0 kite shield (worn)
Jewellery
 i - a ring of magical power
 n - an amulet of magic regeneration
Scrolls
 d - 2 scrolls of enchant armour {unknown}
 e - a scroll of fog {unknown}
 f - 3 scrolls of identify {unknown}
 h - 2 scrolls of amnesia {unknown}
 k - a scroll of torment {unknown}
 l - a scroll of magic mapping {unknown}
Potions
 c - 2 potions of might
 g - 2 potions of curing {unknown}
 m - a potion of attraction {unknown}


   Skills:
 + Level 2.7 Fighting
 + Level 2.8 Dodging
 + Level 2.7 Shields
 + Level 2.5 Unarmed Combat


You had 2 spell levels left.
You didn't know any spells.
Your spell library contained the following spells:

 Spells                   Type           Power      Damage    Failure   Level
 Ensorcelled Hibernation  Hex/Ice        0%         N/A       91%         2
 Spider Form              Tmut/Pois      0%         N/A       99%         3
 Anguish                  Hex/Necr       0%         N/A       100%        4


Dungeon Overview and Level Annotations

Branches:
Dungeon (3/15)

Altars:
Ashenzari

Shops:
D:1 :(=[


Innate Abilities, Weirdness & Mutations

You are too large for most types of armour.
You have claws for hands.
Your natural rate of healing is unusually fast.
You are covered in fur. (AC +1)
You have tough skin. (AC +1)


Message History

The orc throws a boomerang.
The boomerang hits you but does no damage.
You block the orc's attack.
You claw the orc!
You kill the orc!
A dart slug comes into view.
The orc barely misses you.
You claw the orc!
You kill the orc!
You scratch the orc.
The orc is moderately wounded.
The orc closely misses you. You block the orc's attack.
The orc wizard misses you.
You closely miss the orc wizard. The orc completely misses you.
The orc wizard hits you with a +0 dagger.
The orc hits you with a +0 short sword.
You closely miss the orc wizard. You block the orc's attack.
The orc wizard casts a spell at you. The puff of flame hits you.
You closely miss the orc wizard. The orc barely misses you.
You block the orc wizard's attack. The orc closely misses you.
The orc hits you with a +0 flail.
You closely miss the orc wizard. The orc wizard closely misses you.
The orc hits you with a +0 hand axe. You block the orc's attack. x2
You barely miss the orc wizard. The orc completely misses you.
The orc wizard casts a spell at you. The magic dart hits you.
You block the orc's attack. The orc barely misses you.
You closely miss the orc wizard. The orc closely misses you.
The orc wizard hits you with a +0 dagger.
The orc hits you with a +0 hand axe. You block the orc's attack.
The orc hits you with a +0 flail.
* * * LOW HITPOINT WARNING * * *
The orc wizard hits you with a +0 dagger.
* * * LOW HITPOINT WARNING * * *
You block the orc's attack. The orc hits you with a +0 short sword.
* * * LOW HITPOINT WARNING * * *
The orc hits you with a +0 hand axe.
* * * LOW HITPOINT WARNING * * *
You block the orc's attack. The orc hits you with a +0 flail!
You die...

.. #.#.#..#
#.##......#
..........# ##
#.#.......##...
#............
#....w...
#..ooo# #.o@.#
##>#..# ## ..#
..# ..# ..# ..#
..#


You could see an orc wizard, a dart slug and 3 orcs.

Vanquished Creatures
  A dart slug (D:1)
  2 orcs (D:3)
  3 bats
  2 endoplasms
  3 giant cockroaches (D:1)
  4 goblins (D:1)
  6 hobgoblins
  2 quokkas (D:1)
  3 ball pythons
  4 frilled lizards
  2 rats
32 creatures vanquished.

Vanquished Creatures (others)
  17 plants
17 creatures vanquished.

Grand Total: 49 creatures vanquished

Notes
Turn   | Place    | Note
-------+----------+-------------------------------------------
     0 | D:1      | chopper the Troll Fighter began the quest for the Orb.
     0 | D:1      | Reached XP level 1. HP: 22/22 MP: 0/0
    52 | D:1      | Found Wesohul's Antique Weapon Emporium.
   112 | D:1      | Found Zuusk's Jewellery Boutique.
   145 | D:1      | Found Toru's Book Shoppe.
   155 | D:1      | Reached XP level 2. HP: 29/29 MP: 1/1
   485 | D:1      | Found Cack's Armour Shop.
   546 | D:1      | You fall into a shaft and drop 1 floor!
   546 | D:2      | Found a faded altar of an unknown god.
   861 | D:2      | Reached XP level 3. HP: 36/36 MP: 2/2
  1129 | D:2      | Found a broken altar of Ashenzari.
  1770 | D:3      | Slain by an orc

Illustrated notes

Levels and vault maps discovered:
D:1:      sevenhm_arrival_forest_fort_large_2, layout_rooms, serial_shops,
          nicolae_shop_crystal, shop, nicolae_shop_waterfront,
          nicolae_diamond_shop, serial_forest, infiniplex_forest_straight_2,
          infiniplex_forest_end_1, infiniplex_forest_lined_4_way,
          infiniplex_forest_end_3
D:2:      wad_lake_hut, layout_loops_ring, basic_altar,
          chequers_ecumenical_altar_island
D:3:      layout_loops_cross, portal_sewer_entry_b, uniq_sigmund

Action                   || total
-------------------------++-------
Melee: Unarmed           ||   117
 Stab: Sleeping          ||     1
Armor: Robe              ||    47
Dodge: Dodged            ||    59
Block: Kite shield       ||    51

Table legend: (Time is in decaauts)
 A = Elapsed time spent in this place.
 B = Non-inter-level travel time spent in this place.
 C = Inter-level travel time spent in this place.
 D = Time resting spent in this place.
 E = Time spent auto-exploring this place.
 F = Levels seen in this place.
 G = Mean time per level.
                   A        B        C        D        E       F      G
               +--------+--------+--------+--------+--------+-----+--------+
         Total |   1841 |   1841 |      0 |      0 |      0 |   3 |  613.7 |
       Dungeon |   1841 |   1841 |      0 |      0 |      0 |   3 |  613.7 |
               +--------+--------+--------+--------+--------+-----+--------+

Top non-repeatable levels by time:
     D:2: 965 daAuts
     D:1: 863 daAuts
     D:3: 12 daAuts
